 Dungeon Crawl Stone Soup version 0.24-a0-181-gd121a6d (webtiles) character file.

Game seed: 14379329336322807064

134 tilp the Cudgeler (level 4, 0/35 HPs)
             Began as a Demonspawn Chaos Knight on Mar 14, 2019.
             Was a Plaything of Xom.
             Slain by a wyvern skeleton (11 damage)
             ... on level 3 of the Dungeon.
             The game lasted 00:06:34 (1996 turns).

tilp the Cudgeler (Demonspawn Chaos Knight)         Turns: 1996, Time: 00:06:36

Health: 0/35       AC:  8    Str: 15      XL:     4   Next: 95%
Magic:  4/4        EV:  6    Int: 13 (14) God:    Xom [...*..]
Gold:   112        SH:  0    Dex: 12      Spells: 3/3 levels left

rFire    . . .     SeeInvis .   a - +0 mace (chaos)
rCold    . . .     Gourm    .   (no shield)
rNeg     . . .     Faith    .   j - +0 chain mail
rPois    .         Spirit   .   (no helmet)
rElec    .         Reflect  .   b - +0 cloak
rCorr    .         Harm     .   (no gloves)
MR       .....                  (no boots)
Stlth    ..........             (no amulet)
HPRegen  0.11/turn              (no ring)
MPRegen  0.09/turn              (no ring)

@: no status effects
A: thin metallic scales 2, deformed body, deterioration 1, strong 1, evolution 1
a: Renounce Religion


You were on level 3 of the Dungeon.
You worshipped Xom.
You were a favourite toy of Xom.
You were not hungry.

You visited 1 branch of the dungeon, and saw 3 of its levels.

You collected 112 gold pieces.

Inventory:

Hand Weapons
 a - a +0 mace of chaos (weapon)
Missiles
 e - 64 stones (quivered)
 p - a throwing net
Armour
 b - a +0 cloak (worn)
 j - a +0 chain mail (worn)
Jewellery
 d - an uncursed amulet of guardian spirit {unknown}
Scrolls
 k - a scroll of enchant weapon {unknown}
 l - a scroll of blinking {unknown}
 o - 2 scrolls of remove curse {unknown}
 r - 3 scrolls of identify {unknown}
Potions
 g - 2 potions of mutation {unknown}
 h - a potion of resistance {unknown}
 i - 2 potions of might {unknown}
 m - a potion of lignification {unknown}
 n - 2 potions of curing {unknown}
 q - a potion of agility {unknown}
 s - 2 potions of magic {unknown}
Comestibles
 c - 5 rations
 f - 10 chunks of flesh


   Skills:
 - Level 3.0 Fighting
 + Level 5.2 Maces & Flails
 - Level 1.7 Armour
 - Level 0.8 Dodging


You had 3 spell levels left.
You didn't know any spells.
Your spell library contained the following spells:

 Spells                   Type           Power        Failure   Level  Hunger
 Animate Skeleton         Necr           N/A          100%        1    ##.....
 Apportation              Tloc           #.....       100%        1    ##.....
 Confusing Touch          Hex            #.....       100%        1    ##.....
 Summon Small Mammal      Summ           #...         100%        1    ##.....


Dungeon Overview and Level Annotations

Branches:
Dungeon (3/15)

Altars:
Dithmenos
Kikubaaqudgha
Makhleb
Uskayaw
Xom
Zin


Innate Abilities, Weirdness & Mutations

You are mostly covered in thin metallic scales. (AC +3)
Armour fits poorly on your strangely shaped body.
Your body sometimes deteriorates upon taking damage.
Your muscles are strong. (Str +2)
You evolve.


Message History

You see here a bat skeleton. x2
Your trail of clouds dissipates.
You butcher the leopard gecko corpse.
f - 10 chunks of flesh (gained 1)
You see here a leopard gecko skeleton. x2
A kobold comes into view. It is wielding a +0 short sword.
A wyvern skeleton comes into view.
The adder hisses angrily.
The kobold shouts!
Found 3 scrolls labeled VAXTEH WE FEJO.
Found a ring mail.
You miss the adder. The adder barely misses you. The adder closely misses you.
You barely miss the adder. The adder bites you but does no damage.
The wyvern skeleton bites you! The adder bites you but does no damage.
The wyvern skeleton bites you.
Your chain mail prevents you from hitting the adder.
The adder barely misses you. The wyvern skeleton bites you.
Your body deteriorates!
You feel dopey.
You barely miss the adder. The wyvern skeleton bites you!
You die...
Xom giggles madly!

............ #.......
........... ###.....
.......... #.....
.?......###### #.....
.............####.....
#........##.......
#K.......##...##..
#SZ......##...##..
#@.......##...##..
#........##...##..
#........##...##..
#........##...##..
#........##.......
########........##.......
#...............###......
#.........####### #......
#........รท# #......


You could see an adder, a kobold and a wyvern skeleton.

Vanquished Creatures
  An orc wizard (D:3)
  3 adders
  An ooze (D:2)
  3 worms (D:2)
  A leopard gecko (D:3)
  7 orcs (D:3)
  5 giant cockroaches
  4 goblins
  5 hobgoblins
  4 jackals
  3 kobolds
  A quokka (D:2)
  3 ball pythons (D:1)
  8 bats
  4 frilled lizards
  3 rats
56 creatures vanquished.

Notes
Turn   | Place    | Note
-------+----------+-------------------------------------------
     0 | D:1      | tilp the Demonspawn Chaos Knight began the quest for the
                  | Orb.
     0 | D:1      | Reached XP level 1. HP: 18/18 MP: 1/1
    81 | D:1      | XOM: harmless Hex miscast
   121 | D:1      | Reached skill level 3 in Maces & Flails
   221 | D:1      | XOM: divination: detect items
   247 | D:1      | Gained mutation: You are partially covered in thin metallic
                  | scales. (AC +2) [demonic ancestry]
   247 | D:1      | Reached XP level 2. HP: 24/24 MP: 2/2
   878 | D:2      | XOM: harmless Erth miscast
   940 | D:2      | Gained mutation: You are mostly covered in thin metallic
                  | scales. (AC +3) [demonic ancestry]
   940 | D:2      | Reached XP level 3. HP: 28/29 MP: 3/3
   970 | D:2      | XOM: smoke on damage
   975 | D:2      | Reached skill level 4 in Maces & Flails
  1126 | D:2      | Noticed a +0 hand axe
  1126 | D:2      | Noticed a +0 dagger
  1128 | D:2      | Found a hide-covered altar of Uskayaw.
  1175 | D:2      | XOM: give mutations
  1175 | D:2      | Gained mutation: Armour fits poorly on your strangely
                  | shaped body. [Xom's mischief]
  1175 | D:2      | Gained mutation: You evolve. [Xom's mischief]
  1175 | D:2      | Gained mutation: Your muscles are strong. (Str +2) [Xom's
                  | mischief]
  1175 | D:2      | Gained mutation: Your body sometimes deteriorates upon
                  | taking damage. [Xom's mischief]
  1234 | D:2      | Found a shadowy altar of Dithmenos.
  1234 | D:2      | Found a burning altar of Makhleb.
  1248 | D:2      | Found a faded altar of an unknown god.
  1250 | D:2      | Found an ancient bone altar of Kikubaaqudgha.
  1258 | D:2      | Found a faded altar of an unknown god.
  1410 | D:3      | Reached XP level 4. HP: 35/35 MP: 4/4
  1424 | D:3      | Found a shimmering altar of Xom.
  1427 | D:3      | Noticed an angel
  1460 | D:3      | XOM: enchant monster (good)
  1547 | D:3      | XOM: smoke on damage
  1548 | D:3      | Reached skill level 5 in Maces & Flails
  1909 | D:3      | XOM: cloud trail
  1915 | D:3      | Found a glowing silver altar of Zin.
  1996 | D:3      | Slain by a wyvern skeleton

Levels and vault maps discovered:
D:1:      wander_arrival_peaceful_grave, layout_loops_ring,
          minmay_shallow_snake_nest
D:2:      layout_rooms, dancing_weapons_uskayaw,
          chequers_temple_overflow_minitemple
D:3:      layout_basic, grunt_temple_overflow_order_and_chaos_1,
          grunt_gozag_breadcrumbs

Skill      XL: |  1  2  3  4 |
---------------+-------------+-----
Maces & Flails | 3 4 5 |  5.2
Fighting       | |  3.0
Armour         | |  1.7
Dodging        | |  0.8

Action                   |  1- 3 |  4- 6 || total
-------------------------+-------+-------++-------
Melee: Mace              |   138 |    74 ||   212
  Use: Scroll            |     1 |       ||     1
 Stab: Confused          |     2 |       ||     2
       Paralysed         |     1 |     1 ||     2
       Petrifying        |       |     1 ||     1
  Eat: Chunk             |     2 |     2 ||     4
Armor: Leather armour    |    44 |       ||    44
       Chain mail        |    82 |    42 ||   124
Dodge: Dodged            |    55 |    27 ||    82

Table legend:
 A = Non-vault XP
 B = Vault XP
 C = Vault XP percentage of total XP
 D = Non-vault monster count
 E = Vault monster count
 F = Vault count percentage of total count
                 A         B        C        D         E       F
            +---------+---------+-------+---------+---------+-------
      Total |     189 |       3 |   1.6 |      53 |       3 |   5.4
            +---------+---------+-------+---------+---------+-------
        D:1 |      17 |       3 |  15.0 |      10 |       3 |  23.1
        D:2 |      74 |       0 |   0.0 |      21 |       0 |   0.0
        D:3 |      98 |       0 |   0.0 |      22 |       0 |   0.0
            +---------+---------+-------+---------+---------+-------
